General information
- name: BNet
- type: Ladder team game (AT/RT)
- host: Battle.net
- saver: BEAR_AND
map: Friends
- players: 8
- length: 78:36
- speed: Fast
- version: 1.21 W3XP
- replay type:

» download(580 KB)
Players
team 1 (loser)
chickennbeer (
teal | 46 APM | 3617 actions | 78:35)
10 Death Knight
3 Death Coil
3 Unholy Aura
2 Animate Dead
2 Death Pact
7 Lich
3 Frost Nova
3 Frost Armor
1 Death and Decay
» actions
| Basic commands | 150 | |
| Build / train | 153 | |
| Enter build submenu | 43 | |
| Enter hero's abilities submenu | 24 | |
| Give item / drop item | 1 | |
| Right click | 1944 | |
| Select / deselect | 1101 | |
| Use ability | 200 | |
3617 total
» units
| Acolyte | 34 | |
| Ghoul | 3 | |
| Crypt Fiend | 17 | |
| Goblin Zeppelin | 1 | |
| Frost Wyrm | 43 | |
98 total
» upgrades
| Creature Attack | 5 | |
| Freezing Breath | 2 | |
| Web | 1 | |
| Creature Carapace | 3 | |
11 total
» buildings
| Graveyard | 1 | |
| Crypt | 1 | |
| Ziggurat | 22 | |
| Altar of Darkness | 1 | |
| Tomb of Relics | 1 | |
| Halls of the Dead | 1 | |
| Black Citadel | 1 | |
| Sacrificial Pit | 1 | |
| Boneyard | 5 | |
| Spirit Tower | 9 | |
| Farm | 2 | |
45 total
» build order
00:09 Graveyard
00:14 Crypt
00:45 Ziggurat
01:10 Altar of Darkness
01:27 Ziggurat
02:19 Tomb of Relics
03:43 Halls of the Dead
06:09 Black Citadel
06:33 Ziggurat
06:35 Ziggurat
07:14 Sacrificial Pit
08:40 Boneyard
08:47 Boneyard
09:31 Ziggurat
09:41 Boneyard
12:39 Ziggurat
13:04 Boneyard
13:08 Boneyard
13:48 Ziggurat
14:47 Ziggurat
16:46 Ziggurat
16:48 Ziggurat
17:40 Ziggurat
19:31 Spirit Tower
19:34 Spirit Tower
25:10 Spirit Tower
26:24 Ziggurat
26:47 Ziggurat
26:47 Ziggurat
26:48 Ziggurat
27:30 Ziggurat
27:46 Spirit Tower
28:19 Spirit Tower
28:20 Spirit Tower
38:29 Spirit Tower
39:18 Spirit Tower
40:20 Spirit Tower
45:33 Ziggurat
45:34 Ziggurat
45:37 Ziggurat
64:50 Ziggurat
64:52 Ziggurat
64:53 Ziggurat
75:16 Farm
76:23 Farm
» items
| Rod of Necromancy | 1 | |
| Dust of Appearance | 2 | |
| Scroll of Town Portal | 2 | |
| Potion of Mana | 1 | |
| Orb of Corruption | 1 | |
7 total
ezwinfast (
orange | 62 APM | 686 actions | 10:58)
3 Death Knight
2 Death Coil
1 Unholy Aura
» actions
| Assign group hotkey | 17 | |
| Basic commands | 1 | |
| Build / train | 29 | |
| Enter build submenu | 12 | |
| Enter hero's abilities submenu | 3 | |
| Right click | 342 | |
| Select / deselect | 176 | |
| Select group hotkey | 71 | |
| Use ability | 35 | |
686 total
» units
| Acolyte | 5 | |
| Ghoul | 3 | |
| Crypt Fiend | 7 | |
| Goblin Zeppelin | 1 | |
16 total
» upgrades
| Creature Attack | 1 | |
| Web | 1 | |
| Burrow | 1 | |
3 total
» buildings
| Crypt | 1 | |
| Ziggurat | 5 | |
| Altar of Darkness | 1 | |
| Graveyard | 1 | |
| Tomb of Relics | 1 | |
| Halls of the Dead | 1 | |
| Nerubian Tower | 1 | |
| Black Citadel | 1 | |
| Sacrificial Pit | 1 | |
| Boneyard | 1 | |
14 total
» build order
00:06 Crypt
00:08 Ziggurat
00:17 Ziggurat
00:36 Altar of Darkness
01:04 Graveyard
01:29 Tomb of Relics
01:58 Ziggurat
04:37 Halls of the Dead
05:30 Ziggurat
05:32 Ziggurat
05:34 Nerubian Tower
06:58 Black Citadel
08:46 Sacrificial Pit
09:41 Boneyard
» items
| Rod of Necromancy | 1 | |
| Dust of Appearance | 1 | |
2 total
intotal.mykneez (
yellow | 72 APM | 5124 actions | 70:52)
8 Mountain King
3 Storm Bolt
3 Bash
1 Avatar
1 Thunder Clap
9 Paladin
3 Holy Light
3 Divine Shield
2 Devotion Aura
1 Resurrection
» actions
| Assign group hotkey | 178 | |
| Basic commands | 277 | |
| Build / train | 261 | |
| ESC pressed | 2 | |
| Enter build submenu | 40 | |
| Enter hero's abilities submenu | 17 | |
| Remove unit from queue | 10 | |
| Right click | 1369 | |
| Select / deselect | 863 | |
| Select group hotkey | 1793 | |
| Use ability | 314 | |
5124 total
» units
| Peasant | 32 | |
| Footman | 5 | |
| Rifleman | 2 | |
| Knight | 30 | |
| Goblin Zeppelin | 1 | |
| Dragonhawk Rider | 53 | |
| Sorceress | 1 | |
| Priest | 5 | |
| Goblin Shredder | 1 | |
| Gryphon Rider | 7 | |
| Mortar Team | 14 | |
| Siege Engine | 10 | |
161 total
» upgrades
| Plating | 3 | |
| Masonry | 2 | |
| Lumber Harvesting | 2 | |
| Armor | 3 | |
| Animal War Training | 1 | |
| Cloud | 1 | |
| Swords | 3 | |
| Storm Hammers | 1 | |
| Gunpowder | 3 | |
| Magic Sentry | 1 | |
| Fragmentation Shards | 1 | |
| Barrage | 1 | |
22 total
» buildings
| Altar of Kings | 1 | |
| Barracks | 2 | |
| Farm | 15 | |
| Scout Tower | 36 | |
| Arcane Tower | 4 | |
| Lumber Mill | 1 | |
| Arcane Vault | 1 | |
| Keep | 1 | |
| Blacksmith | 1 | |
| Castle | 1 | |
| Gryphon Aviary | 1 | |
| Arcane Sanctum | 1 | |
| Town Hall | 2 | |
| Workshop | 1 | |
| Guard Tower | 12 | |
80 total
» build order
00:10 Altar of Kings
00:12 Barracks
00:15 Barracks
00:27 Farm
01:09 Farm
02:14 Farm
02:30 Scout Tower
03:30 Arcane Tower
03:36 Farm
03:51 Lumber Mill
04:02 Arcane Vault
04:11 Keep
04:47 Blacksmith
06:51 Castle
07:54 Farm
07:55 Farm
07:55 Farm
07:57 Farm
09:15 Gryphon Aviary
09:49 Arcane Sanctum
12:18 Town Hall
16:47 Farm
16:50 Farm
16:58 Farm
17:02 Town Hall
17:31 Farm
17:33 Farm
17:34 Farm
37:10 Workshop
39:14 Scout Tower
39:16 Scout Tower
39:17 Scout Tower
39:21 Scout Tower
39:23 Scout Tower
39:26 Scout Tower
40:48 Arcane Tower
44:31 Scout Tower
44:32 Scout Tower
44:33 Scout Tower
44:41 Scout Tower
45:05 Arcane Tower
45:17 Arcane Tower
45:26 Scout Tower
45:28 Scout Tower
45:30 Scout Tower
45:31 Scout Tower
45:32 Scout Tower
45:33 Scout Tower
46:05 Guard Tower
46:17 Scout Tower
46:19 Scout Tower
46:20 Scout Tower
46:22 Scout Tower
46:23 Scout Tower
46:24 Scout Tower
46:29 Guard Tower
46:50 Guard Tower
47:25 Guard Tower
47:49 Guard Tower
49:08 Guard Tower
54:05 Farm
54:26 Scout Tower
54:28 Scout Tower
54:31 Scout Tower
54:32 Scout Tower
54:58 Guard Tower
68:02 Scout Tower
68:03 Scout Tower
68:04 Scout Tower
68:07 Scout Tower
68:11 Scout Tower
68:33 Guard Tower
68:38 Guard Tower
68:48 Guard Tower
68:54 Scout Tower
68:55 Scout Tower
68:56 Scout Tower
68:57 Scout Tower
69:35 Guard Tower
70:40 Guard Tower
» items
| Scroll of Regeneration | 9 | |
| Lesser Clarity Potion | 11 | |
| Potion of Healing | 3 | |
| Scroll of Town Portal | 6 | |
| Orb of Fire | 1 | |
30 total
toGOODtoBEtrue (
green | 59 APM | 4178 actions | 70:40)
7 Far Seer
3 Feral Spirit
3 Chain Lighting
1 Earth Quake
6 Tauren Chieftain
3 Shockwave
3 Endurance Aura
3 Naga Sea Witch
1 Frost Arrows
2 Forked Lightning
» actions
| Assign group hotkey | 2 | |
| Basic commands | 21 | |
| Build / train | 150 | |
| Enter build submenu | 32 | |
| Enter hero's abilities submenu | 17 | |
| Give item / drop item | 2 | |
| Remove unit from queue | 1 | |
| Right click | 2233 | |
| Select / deselect | 979 | |
| Select group hotkey | 223 | |
| Use ability | 518 | |
4178 total
» units
| Peon | 8 | |
| Grunt | 6 | |
| Troll Batrider | 66 | |
| Demolisher | 1 | |
| Raider | 24 | |
| Acolyte | 2 | |
107 total
» upgrades
| Ensnare | 1 | |
| Melee Weapons | 3 | |
| Armor | 3 | |
| Pillage | 1 | |
| Backpack | 1 | |
| Spiked Barricades | 2 | |
| Reinforced Defenses | 1 | |
| Liquid Fire | 1 | |
| Burning Oil | 1 | |
14 total
» buildings
| Altar of Storms | 1 | |
| Orc Burrow | 9 | |
| Barracks | 1 | |
| Stronghold | 1 | |
| War Mill | 2 | |
| Voodoo Lounge | 1 | |
| Beastiary | 2 | |
| Fortress | 1 | |
| Watch Tower | 13 | |
| Great Hall | 1 | |
32 total
» build order
00:13 Altar of Storms
00:24 Orc Burrow
00:35 Barracks
01:41 Orc Burrow
03:13 Stronghold
03:44 War Mill
03:48 Orc Burrow
03:57 War Mill
04:40 Voodoo Lounge
04:44 Orc Burrow
05:41 Beastiary
05:56 Beastiary
07:46 Orc Burrow
09:21 Orc Burrow
19:13 Fortress
20:35 Orc Burrow
24:56 Watch Tower
24:58 Watch Tower
25:03 Watch Tower
28:31 Orc Burrow
29:36 Orc Burrow
38:40 Watch Tower
38:41 Watch Tower
39:48 Watch Tower
39:50 Watch Tower
41:03 Watch Tower
41:04 Watch Tower
44:06 Watch Tower
44:07 Watch Tower
46:31 Watch Tower
46:32 Watch Tower
68:55 Great Hall
» items
| Healing Salve | 4 | |
| Scroll of Town Portal | 2 | |
| Orb of Lightning | 1 | |
7 total
team 2 (winner)
BEAR_AND (
red | 82 APM | 6473 actions | 78:36)
10 Demon Hunter
3 Mana Burn
3 Evasion
1 Metamorphosis
3 Immolation
1 Mountain King
1 Thunder Clap
» actions
| Assign group hotkey | 11 | |
| Basic commands | 7 | |
| Build / train | 182 | |
| Enter build submenu | 70 | |
| Enter hero's abilities submenu | 11 | |
| Give item / drop item | 1 | |
| Remove unit from queue | 11 | |
| Right click | 3629 | |
| Select / deselect | 810 | |
| Select group hotkey | 1362 | |
| Use ability | 378 | |
6473 total
» units
| Wisp | 84 | |
| Chimaera | 11 | |
| Goblin Zeppelin | 4 | |
| Hippogryph | 6 | |
| Peasant | 4 | |
109 total
» upgrades
| Ultravision | 1 | |
| Strength of the Wild | 3 | |
| Corrosive Breath | 1 | |
| Reinforced Hides | 3 | |
| Well Spring | 1 | |
| Nature's Blessing | 1 | |
10 total
» buildings
| Altar of Elders | 4 | |
| Moon Well | 32 | |
| Tree of Ages | 3 | |
| Hunter's Hall | 2 | |
| Tree of Eternity | 2 | |
| Ancient of Wind | 5 | |
| Tree of Life | 11 | |
| Ancient of Wonders | 3 | |
| Chimaera Roost | 5 | |
| Guard Tower | 18 | |
| Scout Tower | 81 | |
| Keep | 2 | |
168 total
» build order
00:18 Altar of Elders
00:20 Moon Well
01:23 Moon Well
03:11 Tree of Ages
03:44 Hunter's Hall
07:23 Tree of Eternity
09:50 Ancient of Wind
10:04 Tree of Life
10:12 Moon Well
10:15 Moon Well
10:17 Moon Well
10:25 Ancient of Wonders
11:19 Chimaera Roost
11:21 Chimaera Roost
14:33 Ancient of Wonders
20:12 Tree of Life
21:19 Tree of Life
22:14 Moon Well
22:15 Moon Well
22:16 Moon Well
22:17 Moon Well
22:18 Moon Well
22:18 Moon Well
23:44 Ancient of Wind
26:14 Ancient of Wind
26:18 Ancient of Wind
26:53 Altar of Elders
27:13 Moon Well
27:15 Moon Well
28:12 Tree of Life
28:25 Altar of Elders
28:30 Altar of Elders
29:27 Moon Well
29:29 Moon Well
34:13 Tree of Life
34:30 Tree of Life
41:08 Moon Well
41:09 Moon Well
41:49 Tree of Life
42:52 Tree of Life
43:06 Moon Well
43:07 Moon Well
43:09 Moon Well
43:59 Tree of Ages
45:43 Hunter's Hall
49:47 Tree of Life
49:52 Tree of Life
49:53 Tree of Life
50:17 Guard Tower
50:18 Scout Tower
50:18 Scout Tower
50:52 Scout Tower
50:53 Scout Tower
50:54 Scout Tower
50:54 Scout Tower
50:55 Scout Tower
50:55 Scout Tower
50:56 Scout Tower
50:56 Scout Tower
50:57 Scout Tower
50:58 Scout Tower
50:58 Scout Tower
50:59 Scout Tower
51:00 Scout Tower
51:00 Scout Tower
51:01 Scout Tower
52:47 Guard Tower
53:36 Tree of Ages
54:22 Scout Tower
54:23 Scout Tower
54:23 Scout Tower
54:24 Scout Tower
54:25 Scout Tower
54:26 Scout Tower
54:26 Scout Tower
54:27 Scout Tower
54:28 Scout Tower
54:29 Scout Tower
54:29 Scout Tower
54:30 Scout Tower
54:31 Scout Tower
54:32 Scout Tower
54:33 Scout Tower
54:35 Scout Tower
54:36 Scout Tower
54:37 Scout Tower
54:37 Scout Tower
55:23 Scout Tower
55:23 Scout Tower
55:24 Scout Tower
55:25 Scout Tower
55:25 Scout Tower
56:00 Tree of Eternity
56:07 Guard Tower
56:08 Guard Tower
56:09 Guard Tower
56:30 Guard Tower
56:32 Scout Tower
56:33 Scout Tower
56:33 Scout Tower
56:34 Scout Tower
56:35 Scout Tower
56:36 Scout Tower
56:38 Scout Tower
56:38 Scout Tower
56:48 Guard Tower
58:17 Guard Tower
58:20 Scout Tower
58:21 Scout Tower
58:21 Scout Tower
58:22 Scout Tower
58:22 Scout Tower
58:22 Scout Tower
58:26 Ancient of Wind
59:03 Guard Tower
59:21 Guard Tower
59:31 Guard Tower
59:37 Chimaera Roost
59:38 Chimaera Roost
59:39 Chimaera Roost
59:42 Scout Tower
59:43 Scout Tower
59:43 Scout Tower
59:43 Scout Tower
59:56 Guard Tower
61:10 Guard Tower
61:14 Scout Tower
61:15 Scout Tower
61:16 Scout Tower
61:16 Scout Tower
61:17 Scout Tower
61:18 Scout Tower
61:18 Scout Tower
61:19 Scout Tower
61:35 Moon Well
61:51 Guard Tower
62:30 Moon Well
62:31 Moon Well
62:31 Moon Well
62:31 Moon Well
62:32 Moon Well
62:32 Moon Well
62:33 Moon Well
62:33 Moon Well
62:58 Guard Tower
63:01 Scout Tower
63:01 Scout Tower
63:01 Scout Tower
63:02 Scout Tower
63:03 Scout Tower
63:07 Guard Tower
63:20 Ancient of Wonders
65:16 Keep
65:16 Keep
66:18 Guard Tower
66:22 Scout Tower
66:23 Scout Tower
66:23 Scout Tower
66:23 Scout Tower
66:24 Scout Tower
66:25 Scout Tower
66:25 Scout Tower
70:19 Moon Well
70:19 Moon Well
70:20 Moon Well
72:45 Guard Tower
» items
| Orb of Venom | 1 | |
| Staff of Preservation | 1 | |
| Potion of Healing | 1 | |
| Scroll of Town Portal | 6 | |
| Potion of Restoration | 1 | |
| Ankh of Reincarnation | 1 | |
| Talisman of the Wild | 1 | |
| Scroll of Regeneration | 1 | |
| Healing Salve | 1 | |
14 total
iggy_the_fisk (
pink | 81 APM | 6386 actions | 78:35)
10 Blademaster
3 Wind Walk
3 Critical Strike
1 Bladestorm
3 Mirror Image
2 Mountain King
2 Thunder Clap
» actions
| Assign group hotkey | 125 | |
| Basic commands | 21 | |
| Build / train | 199 | |
| Enter build submenu | 99 | |
| Enter hero's abilities submenu | 12 | |
| Give item / drop item | 4 | |
| Remove unit from queue | 23 | |
| Right click | 3677 | |
| Select / deselect | 727 | |
| Select group hotkey | 950 | |
| Use ability | 549 | |
6386 total
» units
| Peon | 20 | |
| Troll Batrider | 45 | |
| Dragonhawk Rider | 14 | |
| Peasant | 9 | |
| Gryphon Rider | 2 | |
90 total
» upgrades
| Reinforced Defenses | 1 | |
| Ranged Weapons | 1 | |
| Animal War Training | 1 | |
| Armor | 3 | |
| Swords | 3 | |
9 total
» buildings
| Altar of Storms | 1 | |
| Orc Burrow | 5 | |
| War Mill | 2 | |
| Watch Tower | 59 | |
| Stronghold | 1 | |
| Voodoo Lounge | 4 | |
| Beastiary | 2 | |
| Fortress | 1 | |
| Great Hall | 3 | |
| Barracks | 1 | |
| Blacksmith | 1 | |
| Town Hall | 1 | |
| Scout Tower | 13 | |
| Guard Tower | 11 | |
| Arcane Vault | 1 | |
| Arcane Tower | 1 | |
107 total
» build order
00:20 Altar of Storms
00:34 Orc Burrow
00:53 War Mill
02:06 Watch Tower
02:30 Watch Tower
02:59 Watch Tower
03:00 Watch Tower
03:45 Stronghold
04:06 Voodoo Lounge
04:15 Voodoo Lounge
04:23 Watch Tower
04:31 War Mill
05:10 Watch Tower
05:30 Watch Tower
05:40 Watch Tower
05:41 Watch Tower
05:45 Orc Burrow
06:08 Beastiary
06:09 Fortress
06:11 Watch Tower
06:30 Watch Tower
06:50 Watch Tower
06:58 Watch Tower
07:34 Watch Tower
08:27 Watch Tower
08:28 Watch Tower
08:28 Watch Tower
08:57 Watch Tower
10:10 Watch Tower
11:07 Watch Tower
11:13 Watch Tower
11:14 Watch Tower
11:37 Watch Tower
12:27 Watch Tower
12:27 Watch Tower
12:43 Orc Burrow
12:45 Orc Burrow
13:11 Orc Burrow
13:38 Watch Tower
14:20 Watch Tower
14:21 Watch Tower
14:47 Watch Tower
14:51 Watch Tower
14:52 Watch Tower
14:55 Watch Tower
15:31 Watch Tower
15:32 Watch Tower
15:53 Voodoo Lounge
15:57 Voodoo Lounge
16:14 Watch Tower
16:17 Watch Tower
17:09 Beastiary
17:14 Watch Tower
17:16 Watch Tower
17:43 Watch Tower
17:44 Watch Tower
18:06 Great Hall
18:53 Watch Tower
18:54 Watch Tower
18:59 Watch Tower
19:03 Watch Tower
20:17 Great Hall
20:19 Watch Tower
20:42 Watch Tower
21:21 Watch Tower
21:21 Watch Tower
22:12 Watch Tower
22:33 Watch Tower
26:21 Watch Tower
26:22 Watch Tower
27:36 Watch Tower
27:38 Watch Tower
28:39 Watch Tower
29:43 Watch Tower
29:46 Watch Tower
29:47 Watch Tower
30:04 Watch Tower
32:34 Great Hall
46:47 Barracks
46:50 Blacksmith
48:03 Town Hall
49:40 Scout Tower
51:27 Scout Tower
51:28 Scout Tower
51:29 Guard Tower
52:01 Guard Tower
52:02 Guard Tower
52:13 Scout Tower
52:13 Scout Tower
53:42 Guard Tower
53:46 Scout Tower
55:10 Guard Tower
56:37 Guard Tower
57:07 Guard Tower
59:07 Guard Tower
63:06 Arcane Vault
63:21 Scout Tower
63:28 Scout Tower
63:28 Scout Tower
65:33 Scout Tower
65:33 Scout Tower
68:08 Guard Tower
68:16 Scout Tower
68:17 Scout Tower
72:26 Arcane Tower
72:39 Guard Tower
73:02 Guard Tower
» items
| Healing Salve | 8 | |
| Orb of Lightning | 2 | |
| Scroll of Town Portal | 15 | |
| Potion of Healing | 3 | |
| Lesser Clarity Potion | 13 | |
| Scroll of Regeneration | 7 | |
| Potion of Mana | 1 | |
| Ivory Tower | 1 | |
50 total
TIMG4STRok (
purple | 77 APM | 6084 actions | 78:35)
8 Archmage
3 Blizzard
3 Brilliance Aura
1 Mass Teleport
1 Summon Water Elemental
2 Beastmaster
1 Summon Quilbeast
1 Summon Hawk
6 Firelord
3 Soul Burn
2 Summon Lava Spawn
1 Volcano
» actions
| Assign group hotkey | 40 | |
| Basic commands | 102 | |
| Build / train | 278 | |
| ESC pressed | 7 | |
| Enter build submenu | 217 | |
| Enter hero's abilities submenu | 18 | |
| Give item / drop item | 3 | |
| Right click | 2115 | |
| Select / deselect | 781 | |
| Select group hotkey | 1685 | |
| Use ability | 838 | |
6084 total
» units
| Peasant | 47 | |
| Dragonhawk Rider | 37 | |
| Goblin Zeppelin | 3 | |
| Goblin Shredder | 1 | |
88 total
» upgrades
| Masonry | 3 | |
| Magic Sentry | 1 | |
| Lumber Harvesting | 2 | |
| Cloud | 2 | |
| Animal War Training | 1 | |
| Armor | 3 | |
| Swords | 4 | |
| Storm Hammers | 1 | |
| Fragmentation Shards | 1 | |
| Barrage | 1 | |
| Flak Cannons | 1 | |
| Gunpowder | 1 | |
21 total
» buildings
| Altar of Kings | 4 | |
| Farm | 30 | |
| Lumber Mill | 2 | |
| Scout Tower | 325 | |
| Arcane Tower | 2 | |
| Guard Tower | 108 | |
| Keep | 4 | |
| Arcane Sanctum | 2 | |
| Town Hall | 6 | |
| Arcane Vault | 6 | |
| Castle | 3 | |
| Gryphon Aviary | 5 | |
| Barracks | 1 | |
| Blacksmith | 3 | |
| Workshop | 1 | |
502 total
» build order
00:05 Altar of Kings
00:19 Farm
00:34 Lumber Mill
00:56 Scout Tower
01:01 Farm
01:21 Farm
01:31 Scout Tower
01:38 Arcane Tower
01:44 Scout Tower
01:59 Guard Tower
02:02 Scout Tower
02:15 Guard Tower
02:17 Scout Tower
02:20 Scout Tower
02:27 Scout Tower
02:29 Guard Tower
03:20 Guard Tower
03:22 Scout Tower
03:27 Guard Tower
03:28 Scout Tower
03:32 Scout Tower
03:37 Scout Tower
03:39 Scout Tower
03:49 Guard Tower
03:51 Scout Tower
03:59 Scout Tower
04:00 Scout Tower
04:01 Guard Tower
04:09 Scout Tower
04:10 Scout Tower
04:13 Guard Tower
04:17 Scout Tower
04:18 Scout Tower
04:34 Keep
04:39 Guard Tower
04:42 Scout Tower
04:49 Guard Tower
04:51 Guard Tower
05:02 Guard Tower
05:06 Scout Tower
05:07 Scout Tower
05:07 Scout Tower
05:11 Scout Tower
05:13 Scout Tower
05:15 Scout Tower
05:24 Guard Tower
05:26 Scout Tower
05:28 Scout Tower
05:44 Guard Tower
05:48 Arcane Tower
05:51 Scout Tower
05:53 Scout Tower
05:55 Scout Tower
06:08 Guard Tower
06:23 Guard Tower
06:24 Scout Tower
06:26 Scout Tower
06:27 Scout Tower
06:28 Scout Tower
06:36 Guard Tower
06:43 Guard Tower
07:02 Guard Tower
07:03 Scout Tower
07:04 Scout Tower
07:24 Guard Tower
07:28 Scout Tower
07:29 Scout Tower
07:30 Scout Tower
07:34 Scout Tower
07:34 Scout Tower
07:43 Arcane Sanctum
08:01 Farm
08:06 Guard Tower
08:13 Scout Tower
08:14 Scout Tower
08:18 Guard Tower
08:25 Guard Tower
08:56 Guard Tower
09:57 Town Hall
10:03 Guard Tower
10:17 Scout Tower
10:17 Scout Tower
10:18 Scout Tower
10:19 Scout Tower
10:29 Scout Tower
10:30 Scout Tower
10:34 Arcane Vault
10:37 Guard Tower
10:41 Scout Tower
10:42 Scout Tower
10:46 Guard Tower
10:50 Castle
10:55 Guard Tower
11:17 Guard Tower
11:19 Guard Tower
11:22 Scout Tower
11:23 Scout Tower
11:24 Scout Tower
11:24 Scout Tower
11:26 Scout Tower
11:27 Scout Tower
11:28 Scout Tower
11:28 Scout Tower
11:33 Scout Tower
11:34 Scout Tower
11:35 Scout Tower
11:36 Scout Tower
11:37 Scout Tower
12:09 Guard Tower
12:20 Guard Tower
12:29 Guard Tower
12:30 Guard Tower
12:31 Scout Tower
12:33 Scout Tower
12:33 Scout Tower
12:35 Scout Tower
12:39 Scout Tower
12:40 Scout Tower
12:40 Scout Tower
12:41 Scout Tower
12:42 Scout Tower
12:48 Guard Tower
12:52 Scout Tower
12:53 Scout Tower
12:54 Scout Tower
12:55 Scout Tower
13:10 Scout Tower
13:10 Scout Tower
13:11 Scout Tower
13:15 Scout Tower
13:18 Scout Tower
13:19 Scout Tower
13:22 Scout Tower
13:23 Scout Tower
13:25 Scout Tower
13:27 Scout Tower
13:33 Guard Tower
13:46 Arcane Vault
13:47 Arcane Vault
14:19 Guard Tower
14:22 Gryphon Aviary
14:23 Gryphon Aviary
14:25 Gryphon Aviary
14:29 Barracks
14:34 Farm
14:35 Farm
14:35 Farm
14:37 Farm
14:43 Guard Tower
15:41 Guard Tower
16:38 Guard Tower
16:40 Blacksmith
16:44 Farm
16:44 Farm
16:45 Farm
16:45 Farm
16:47 Farm
16:48 Farm
17:16 Guard Tower
17:18 Guard Tower
17:21 Guard Tower
19:33 Scout Tower
19:34 Scout Tower
19:34 Scout Tower
19:35 Scout Tower
19:36 Scout Tower
19:37 Scout Tower
19:39 Scout Tower
19:40 Scout Tower
19:42 Scout Tower
19:42 Scout Tower
19:43 Scout Tower
19:44 Scout Tower
21:08 Guard Tower
21:15 Guard Tower
21:21 Scout Tower
21:22 Scout Tower
21:25 Scout Tower
22:00 Guard Tower
22:51 Guard Tower
22:56 Scout Tower
22:57 Scout Tower
22:58 Scout Tower
22:58 Scout Tower
22:59 Scout Tower
23:00 Scout Tower
24:04 Gryphon Aviary
24:05 Gryphon Aviary
24:23 Scout Tower
24:24 Scout Tower
24:24 Scout Tower
24:25 Scout Tower
24:25 Scout Tower
24:26 Scout Tower
24:26 Scout Tower
24:45 Scout Tower
24:46 Scout Tower
24:47 Scout Tower
24:47 Scout Tower
24:50 Scout Tower
24:50 Scout Tower
24:51 Scout Tower
24:51 Scout Tower
24:55 Arcane Vault
25:02 Altar of Kings
25:08 Farm
25:09 Farm
25:10 Farm
25:11 Farm
25:11 Farm
25:32 Guard Tower
25:39 Scout Tower
25:40 Scout Tower
26:29 Guard Tower
26:32 Scout Tower
26:32 Scout Tower
26:33 Scout Tower
26:34 Scout Tower
26:35 Scout Tower
26:35 Scout Tower
26:36 Scout Tower
26:37 Scout Tower
26:37 Scout Tower
27:09 Guard Tower
28:53 Guard Tower
30:37 Town Hall
30:53 Scout Tower
30:54 Scout Tower
30:55 Scout Tower
30:55 Scout Tower
32:33 Guard Tower
32:34 Scout Tower
32:35 Scout Tower
32:36 Scout Tower
32:39 Keep
33:11 Scout Tower
33:12 Scout Tower
33:13 Scout Tower
33:14 Scout Tower
33:14 Scout Tower
33:21 Scout Tower
33:22 Scout Tower
33:23 Scout Tower
33:24 Scout Tower
33:25 Scout Tower
33:26 Scout Tower
33:27 Scout Tower
33:28 Scout Tower
34:40 Guard Tower
34:44 Scout Tower
34:45 Scout Tower
34:46 Scout Tower
34:46 Scout Tower
34:58 Farm
34:58 Farm
34:58 Farm
34:59 Farm
35:41 Lumber Mill
35:44 Arcane Vault
36:04 Scout Tower
36:04 Scout Tower
36:06 Scout Tower
36:06 Scout Tower
36:07 Scout Tower
36:08 Scout Tower
36:08 Scout Tower
36:09 Scout Tower
36:36 Scout Tower
36:37 Scout Tower
36:39 Scout Tower
37:04 Guard Tower
37:13 Scout Tower
37:14 Scout Tower
37:15 Scout Tower
37:17 Scout Tower
37:17 Scout Tower
37:18 Scout Tower
37:19 Scout Tower
37:23 Guard Tower
37:35 Guard Tower
37:49 Guard Tower
38:07 Guard Tower
38:14 Guard Tower
38:19 Guard Tower
38:25 Scout Tower
38:26 Scout Tower
38:39 Scout Tower
38:42 Guard Tower
38:59 Scout Tower
39:00 Scout Tower
39:02 Scout Tower
39:32 Guard Tower
39:38 Castle
39:40 Guard Tower
40:04 Guard Tower
40:19 Guard Tower
40:20 Guard Tower
40:36 Scout Tower
40:41 Scout Tower
40:42 Scout Tower
40:42 Scout Tower
40:44 Scout Tower
40:44 Scout Tower
41:07 Guard Tower
41:09 Scout Tower
42:16 Guard Tower
43:15 Keep
43:17 Guard Tower
43:21 Town Hall
43:38 Altar of Kings
43:46 Scout Tower
43:47 Scout Tower
43:54 Town Hall
44:08 Scout Tower
44:08 Scout Tower
44:15 Guard Tower
44:42 Guard Tower
47:15 Scout Tower
47:15 Scout Tower
47:17 Scout Tower
47:18 Scout Tower
47:18 Scout Tower
47:19 Scout Tower
47:36 Guard Tower
47:39 Scout Tower
48:03 Blacksmith
48:42 Guard Tower
50:36 Town Hall
50:51 Guard Tower
51:18 Scout Tower
51:18 Scout Tower
51:19 Scout Tower
51:19 Scout Tower
51:49 Scout Tower
51:50 Scout Tower
51:51 Scout Tower
52:16 Guard Tower
53:15 Scout Tower
53:16 Scout Tower
53:17 Guard Tower
53:40 Castle
53:45 Guard Tower
53:49 Town Hall
53:51 Scout Tower
53:52 Scout Tower
53:54 Scout Tower
53:54 Scout Tower
54:55 Guard Tower
54:57 Scout Tower
54:58 Scout Tower
54:59 Scout Tower
55:00 Scout Tower
55:01 Scout Tower
55:02 Scout Tower
55:02 Scout Tower
55:03 Scout Tower
55:04 Scout Tower
55:05 Scout Tower
55:56 Guard Tower
56:23 Guard Tower
56:27 Scout Tower
56:28 Scout Tower
56:28 Scout Tower
56:46 Guard Tower
56:48 Guard Tower
57:26 Scout Tower
57:27 Scout Tower
58:13 Guard Tower
58:16 Guard Tower
58:18 Scout Tower
58:18 Scout Tower
58:25 Guard Tower
58:28 Scout Tower
59:05 Altar of Kings
59:08 Guard Tower
59:24 Guard Tower
59:43 Scout Tower
59:44 Scout Tower
59:45 Scout Tower
59:46 Scout Tower
59:47 Scout Tower
59:49 Guard Tower
60:32 Guard Tower
60:52 Scout Tower
60:52 Scout Tower
60:53 Scout Tower
60:54 Scout Tower
60:54 Scout Tower
60:55 Scout Tower
60:56 Scout Tower
60:56 Scout Tower
61:04 Farm
61:05 Farm
61:06 Farm
61:06 Farm
61:10 Guard Tower
61:12 Scout Tower
61:13 Scout Tower
61:14 Scout Tower
61:19 Arcane Sanctum
61:21 Scout Tower
61:22 Scout Tower
62:20 Guard Tower
63:05 Guard Tower
63:07 Scout Tower
63:08 Scout Tower
63:08 Scout Tower
63:09 Scout Tower
63:16 Arcane Vault
63:21 Guard Tower
64:25 Guard Tower
64:43 Scout Tower
64:45 Scout Tower
64:46 Scout Tower
64:46 Scout Tower
64:47 Scout Tower
64:48 Scout Tower
64:53 Guard Tower
64:58 Guard Tower
65:00 Scout Tower
65:01 Scout Tower
65:02 Scout Tower
65:02 Scout Tower
65:03 Scout Tower
65:04 Scout Tower
65:04 Scout Tower
65:30 Guard Tower
65:32 Scout Tower
65:34 Scout Tower
65:35 Scout Tower
65:36 Scout Tower
65:36 Scout Tower
65:37 Scout Tower
65:44 Guard Tower
65:48 Scout Tower
65:49 Scout Tower
65:50 Scout Tower
65:51 Scout Tower
67:18 Guard Tower
67:25 Guard Tower
67:39 Keep
67:43 Guard Tower
67:45 Scout Tower
67:46 Scout Tower
67:46 Scout Tower
67:47 Scout Tower
67:48 Scout Tower
67:51 Scout Tower
67:51 Scout Tower
67:53 Scout Tower
67:54 Scout Tower
67:54 Scout Tower
67:55 Scout Tower
68:00 Scout Tower
68:00 Scout Tower
68:01 Scout Tower
68:02 Scout Tower
68:03 Scout Tower
68:04 Scout Tower
68:05 Scout Tower
68:06 Scout Tower
68:07 Scout Tower
68:34 Farm
68:36 Farm
68:37 Farm
68:40 Workshop
69:00 Scout Tower
69:01 Scout Tower
69:02 Scout Tower
69:02 Scout Tower
69:03 Scout Tower
69:04 Scout Tower
69:05 Scout Tower
69:05 Scout Tower
69:06 Scout Tower
69:07 Scout Tower
70:21 Scout Tower
70:22 Scout Tower
70:22 Scout Tower
70:23 Scout Tower
70:23 Scout Tower
70:24 Scout Tower
70:25 Scout Tower
70:25 Scout Tower
70:27 Guard Tower
71:02 Guard Tower
71:08 Guard Tower
73:26 Blacksmith
76:46 Guard Tower
76:49 Guard Tower
77:19 Scout Tower
77:20 Scout Tower
77:21 Scout Tower
77:22 Scout Tower
77:23 Scout Tower
77:24 Scout Tower
77:25 Scout Tower
77:25 Scout Tower
77:26 Scout Tower
» items
| Staff of Sanctuary | 3 | |
| Orb of Lightning | 2 | |
| Scroll of Town Portal | 6 | |
| Potion of Healing | 5 | |
| Scroll of Regeneration | 9 | |
| Lesser Clarity Potion | 1 | |
26 total
TowerPowerNerf (
blue | 103 APM | 4602 actions | 44:52)
8 Mountain King
3 Storm Bolt
3 Bash
1 Avatar
1 Thunder Clap
» actions
| Assign group hotkey | 1076 | |
| Basic commands | 28 | |
| Build / train | 150 | |
| ESC pressed | 15 | |
| Enter build submenu | 157 | |
| Enter hero's abilities submenu | 8 | |
| Give item / drop item | 1 | |
| Remove unit from queue | 6 | |
| Right click | 1725 | |
| Select / deselect | 483 | |
| Select group hotkey | 671 | |
| Use ability | 281 | |
4602 total
» units
| Peasant | 31 | |
| Dragonhawk Rider | 6 | |
37 total
» upgrades
| Masonry | 3 | |
| Lumber Harvesting | 2 | |
| Magic Sentry | 1 | |
| Cloud | 1 | |
7 total
» buildings
| Altar of Kings | 1 | |
| Farm | 10 | |
| Lumber Mill | 4 | |
| Barracks | 1 | |
| Scout Tower | 109 | |
| Arcane Tower | 1 | |
| Guard Tower | 58 | |
| Town Hall | 8 | |
| Arcane Vault | 2 | |
| Keep | 1 | |
| Castle | 1 | |
| Arcane Sanctum | 1 | |
| Gryphon Aviary | 3 | |
200 total
» build order
00:04 Altar of Kings
00:23 Farm
00:39 Lumber Mill
01:05 Farm
01:24 Barracks
01:42 Farm
02:27 Scout Tower
02:31 Lumber Mill
02:55 Arcane Tower
02:59 Scout Tower
04:02 Guard Tower
04:06 Scout Tower
04:12 Scout Tower
04:33 Guard Tower
04:36 Scout Tower
04:43 Guard Tower
04:45 Scout Tower
04:49 Scout Tower
04:53 Scout Tower
04:54 Scout Tower
04:58 Scout Tower
05:03 Scout Tower
05:05 Scout Tower
05:06 Guard Tower
05:19 Guard Tower
05:28 Scout Tower
05:29 Scout Tower
05:31 Guard Tower
05:34 Guard Tower
05:42 Guard Tower
05:56 Guard Tower
06:20 Scout Tower
06:22 Scout Tower
06:48 Scout Tower
06:50 Scout Tower
07:24 Guard Tower
08:32 Town Hall
08:34 Scout Tower
08:35 Scout Tower
08:36 Scout Tower
08:48 Scout Tower
09:07 Guard Tower
09:30 Scout Tower
09:31 Scout Tower
09:34 Scout Tower
10:12 Scout Tower
10:15 Scout Tower
10:28 Guard Tower
10:29 Scout Tower
10:47 Guard Tower
10:53 Arcane Vault
10:56 Arcane Vault
11:02 Guard Tower
11:05 Scout Tower
11:06 Scout Tower
11:09 Keep
11:12 Guard Tower
11:16 Scout Tower
11:17 Scout Tower
11:23 Town Hall
11:55 Guard Tower
12:11 Scout Tower
12:13 Scout Tower
12:19 Guard Tower
12:31 Guard Tower
12:35 Scout Tower
12:55 Guard Tower
12:55 Guard Tower
13:30 Scout Tower
13:31 Scout Tower
13:34 Scout Tower
13:58 Guard Tower
13:59 Scout Tower
14:01 Scout Tower
14:01 Scout Tower
14:02 Scout Tower
14:58 Guard Tower
15:03 Guard Tower
15:05 Scout Tower
15:05 Scout Tower
15:05 Scout Tower
15:06 Scout Tower
15:08 Scout Tower
15:08 Scout Tower
15:08 Scout Tower
15:23 Scout Tower
15:38 Scout Tower
15:38 Scout Tower
15:39 Scout Tower
15:42 Scout Tower
15:45 Guard Tower
15:54 Guard Tower
16:01 Scout Tower
16:02 Scout Tower
16:04 Scout Tower
16:04 Scout Tower
16:05 Scout Tower
16:05 Scout Tower
16:05 Scout Tower
16:11 Guard Tower
16:34 Guard Tower
16:40 Scout Tower
16:43 Scout Tower
16:44 Scout Tower
17:03 Guard Tower
17:13 Guard Tower
17:17 Scout Tower
17:19 Scout Tower
17:22 Scout Tower
17:22 Scout Tower
17:33 Scout Tower
17:35 Scout Tower
17:39 Guard Tower
17:49 Guard Tower
17:51 Guard Tower
18:00 Castle
18:04 Guard Tower
18:04 Guard Tower
18:05 Guard Tower
18:05 Guard Tower
18:13 Lumber Mill
18:22 Lumber Mill
19:20 Guard Tower
19:29 Scout Tower
19:43 Guard Tower
19:44 Scout Tower
19:46 Scout Tower
20:26 Guard Tower
20:34 Scout Tower
20:35 Scout Tower
20:36 Scout Tower
20:39 Scout Tower
20:40 Guard Tower
21:09 Guard Tower
21:11 Scout Tower
21:12 Scout Tower
21:13 Scout Tower
21:15 Scout Tower
21:18 Scout Tower
21:19 Guard Tower
21:45 Guard Tower
21:48 Scout Tower
21:49 Guard Tower
21:52 Scout Tower
23:06 Guard Tower
23:09 Scout Tower
23:16 Scout Tower
23:18 Scout Tower
24:53 Town Hall
24:57 Town Hall
25:00 Town Hall
25:03 Town Hall
25:06 Town Hall
25:41 Town Hall
25:47 Guard Tower
27:27 Scout Tower
27:28 Scout Tower
27:30 Scout Tower
28:08 Guard Tower
28:13 Scout Tower
28:15 Scout Tower
28:16 Scout Tower
28:20 Scout Tower
28:21 Scout Tower
28:30 Scout Tower
28:32 Scout Tower
28:40 Guard Tower
28:42 Guard Tower
28:43 Guard Tower
28:46 Guard Tower
28:46 Guard Tower
28:48 Guard Tower
28:52 Scout Tower
28:54 Scout Tower
28:57 Scout Tower
28:59 Scout Tower
29:01 Scout Tower
29:03 Scout Tower
29:06 Scout Tower
29:09 Scout Tower
29:11 Scout Tower
29:19 Arcane Sanctum
29:36 Guard Tower
29:38 Guard Tower
29:40 Scout Tower
29:46 Scout Tower
30:07 Gryphon Aviary
30:13 Gryphon Aviary
30:25 Scout Tower
30:39 Gryphon Aviary
30:54 Farm
31:55 Guard Tower
32:29 Farm
32:43 Farm
36:32 Farm
36:34 Farm
36:38 Farm
36:40 Farm
» items
| Healing Salve | 1 | |
| Lesser Clarity Potion | 8 | |
| Scroll of Speed | 1 | |
| Scroll of Regeneration | 3 | |
| Scroll of Town Portal | 6 | |
| Potion of Mana | 5 | |
| Potion of Healing | 5 | |
| Staff of Sanctuary | 1 | |
30 total
Chat log
(00:22 / All) ezwinfast: bear and?...
(00:24 / All) ezwinfast: and what
(00:27 / All) chickennbeer: AHAHHAH
(00:31 / All) TowerPowerNerf: Nerd
(00:32 / All) chickennbeer: NOOBS
(00:34 / All) BEAR_AND: ?
(00:39 / All) BEAR_AND: Wat?
(00:41 / All) ezwinfast: UR NAME IS TOWER POWER NERG
(00:42 / All) ezwinfast: NERF*
(00:43 / All) TIMG4STRok: good luck have fu guys.
(00:45 / All) ezwinfast: AND U CALLING US NERDS
(00:47 / All) ezwinfast: ROFLCOPTERS
(00:51 / All) TowerPowerNerf: u nerd
(00:52 / All) chickennbeer: LOL NERDZORZ
(00:56 / All) chickennbeer: U PWN U ONLINE
(00:57 / All) ezwinfast: LOLZERS
(01:00 / All) ezwinfast: GOODGAMEZORS!
(01:06 / All) chickennbeer: BUT IN RL(REALLIFE) U WIN
(01:08 / All) TIMG4STRok: manner please
(01:14 / All) BEAR_AND: relax & dont hack
(01:15 / All) ezwinfast: manner this
(01:21 / All) ezwinfast: ( . )( . )
(01:24 / All) chickennbeer: YALL CLAN HOMO?!?!
(01:32 / All) TowerPowerNerf: u nerdlingz
(01:45 / All) ezwinfast: terdlingz
(01:47 / All) ezwinfast: sh
(01:49 / All) TowerPowerNerf: nerdz
(01:50 / All) chickennbeer: POOP KIDS
(01:51 / All) ezwinfast: dont go there
(02:40 / Allies) iggy_the_fisk: share
(02:41 / Allies) iggy_the_fisk: if
(02:42 / Allies) iggy_the_fisk: u
(02:42 / Allies) iggy_the_fisk: care
(03:56 / All) ezwinfast: ROFL
(03:59 / All) TowerPowerNerf: FU
(04:02 / All) chickennbeer: IN THE ASS
(04:06 / All) chickennbeer: TAKE IT
(04:10 / All) chickennbeer: TAKE IT!
(04:17 / All) iggy_the_fisk: U gay?
(04:20 / All) TowerPowerNerf: lol u are such a nerd
(06:54 / All) chickennbeer: NIGGERS
(06:58 / All) TowerPowerNerf: nerdz
(08:39 / Allies) TIMG4STRok: wood
(10:20 / All) TowerPowerNerf: :D
(10:53 / All) BEAR_AND: owned
(11:03 / All) iggy_the_fisk: Lol what a noob
(11:04 / All) iggy_the_fisk: leave plz
(11:05 / All) iggy_the_fisk: gg
(11:08 / All) TIMG4STRok: ty for free win
(11:42 / All) toGOODtoBEtrue: disc hack more please
(12:21 / Allies) TIMG4STRok: lum noob
(17:01 / Allies) iggy_the_fisk: gold
(21:03 / All) BEAR_AND: noob. ahhahahaha
(22:27 / Allies) iggy_the_fisk: gold
(30:01 / Allies) iggy_the_fisk: dhawks
(36:34 / All) chickennbeer: DOES THIS STRAT GET U PUSSY?
(39:59 / All) chickennbeer: is this fun to you
(41:15 / Allies) TowerPowerNerf: y
(44:25 / Allies) TowerPowerNerf: gotta leave guys
(44:28 / Allies) TowerPowerNerf: my mom harass me
(44:57 / All) chickennbeer: peace
(45:02 / All) chickennbeer: g2g
(45:08 / All) chickennbeer: SYKE
(54:38 / Allies) iggy_the_fisk: gold
(70:44 / All) BEAR_AND: well. noobs!
(70:51 / All) intotal.mykneez: gg
(70:55 / All) BEAR_AND: owned by clan towa.
(70:59 / All) TIMG4STRok: ty for free win ty
(71:03 / All) BEAR_AND: welcome to the Own List
(71:04 / All) chickennbeer: not free
(71:06 / All) chickennbeer: like
(71:08 / All) chickennbeer: hour of ur time
(71:09 / All) chickennbeer: -.-
(71:12 / All) BEAR_AND: we won at least?
(71:13 / All) TIMG4STRok: huh
(71:15 / All) chickennbeer: lol
(71:15 / All) BEAR_AND: u spent just as long. losign
(71:16 / All) chickennbeer: 1 win
(71:17 / All) iggy_the_fisk: hilarious hour
(71:19 / All) chickennbeer: sweeeeeet dooooood
(71:20 / All) TIMG4STRok: free because easy
(71:20 / All) BEAR_AND: I had fun
(71:21 / All) iggy_the_fisk: just laughing it up
(71:21 / All) BEAR_AND: did u
(71:23 / All) iggy_the_fisk: at these noobs
(71:24 / All) TIMG4STRok: i.e. took no effort
(71:33 / All) chickennbeer: ur right proto doesnt take effort
(71:43 / All) chickennbeer: afk till u kill everything faggots
(71:48 / All) BEAR_AND: lmfao
(71:52 / All) BEAR_AND: ur tiny bases w/ no tower
(71:53 / All) BEAR_AND: ok
(75:50 / All) BEAR_AND: i see u still here. ahahahahha
(77:29 / All) chickennbeer: u guys are so cool
(77:36 / All) BEAR_AND: u can try out for our clan if u wish
(77:36 / All) TIMG4STRok: you are so bad.
(77:42 / All) chickennbeer: haha
(77:48 / All) chickennbeer: joke
(77:53 / All) iggy_the_fisk: not good enough to beat us yet
(77:54 / All) BEAR_AND: farm hiding
(77:55 / All) BEAR_AND: hahahahhahahahha
(77:56 / All) iggy_the_fisk: but join clan
(77:58 / All) iggy_the_fisk: come to practice
(77:59 / All) BEAR_AND: hahahhahahhahahhahahhaha
(78:00 / All) TIMG4STRok: joke is U
(78:09 / All) chickennbeer: proto = newbs who cant play
(78:13 / All) BEAR_AND: this is not proto
(78:17 / All) chickennbeer: um..
(78:18 / All) chickennbeer: yes it is
(78:19 / All) BEAR_AND: you noob think all tower = proto
(78:20 / All) TIMG4STRok: !v1???????????
(78:21 / All) BEAR_AND: ahahhahahahha
(78:22 / All) TIMG4STRok: !v1
(78:23 / All) TIMG4STRok: 1v1
(78:30 / All) chickennbeer: and u mh
(78:32 / All) iggy_the_fisk: 1v fucken one noob
(78:33 / All) chickennbeer: real cool